Map: Ancient Cistern LE

Players

Kellybear - Winner!

  • Race: Terran Terran
  • League: Gold
  • Spawn Location: 7:00

MattBarry

  • Race: Zerg Zerg
  • League: Gold
  • Spawn Location: 1:00

VOD

Have the link to the VOD?

Description

Time

  • Played on: Feb. 15, 2023, 6:55 a.m.
  • Length: 24:57
Show
View Real Time Build Order
Export as new Build Order

Kellybear Terran - Winner!

Build Orders:  

Get SALT Encoding   

  12  0:11  SCV  
  13  0:19  Supply Depot  
  13  0:24  SCV  
  14  0:44  Barracks  
  14  0:48  SCV  
  15  0:53  Refinery  
  15  0:59  Supply Depot  
  15  1:04  SCV  
  16  1:16  SCV  
  17  1:28  SCV  
  18  1:37  Marine  
  19  1:46  Command Center  
  19  1:47  SCV  
  20  2:02  Marine  
  20  2:04  Bunker  
  21  2:09  SCV  
  22  2:20  Marine  
  22  2:21  SCV  
  24  2:34  SCV  
  25  2:39  Refinery  
  25  2:43  Factory  
  25  2:44  Barracks Reactor  
  25  2:57  Barracks  
  25  3:01  SCV  
  26  3:13  SCV  
  27  3:23  SCV  
  29  3:28  Orbital Command  
  28  3:35  SCV  
  28  3:40  Hellion  
  28  3:41  Hellion  
  33  3:45  Barracks Tech Lab  
  33  3:50  Supply Depot  
  33  3:55  Starport  
  33  4:00  Engineering Bay  
  33  4:07  Stimpack  
  33  4:09  SCV  
  34  4:13  SCV  
  35  4:20  Hellion  
  35  4:21  SCV  
  38  4:25  SCV  
  39  4:33  Starport Reactor  
  39  4:34  Barracks Reactor  
  39  4:37  Barracks, SCV  
  40  4:40  Starport  
  40  4:42  SCV  
  41  4:49  SCV  
  46  4:52  Widow Mine  
  46  4:53  Widow Mine  
  46  4:54  SCV  
  51  5:14  Widow Mine x2  
  51  5:32  Orbital Command  
  51  5:34  SCV  
  52  5:38  Refinery  
  52  5:40  Refinery  
  52  5:46  Marine, SCV  
  54  5:53  Supply Depot  
  54  5:59  Supply Depot  
  54  6:03  Starport Reactor  
  54  6:10  Barracks Reactor  
  54  6:14  Marine x3, SCV  
  54  6:16  Supply Depot  
  58  6:21  Supply Depot  
  58  6:27  SCV  
  58  6:30  Hellion  
  58  6:31  Hellion  
  58  6:32  Marine x3, SCV  
  67  6:39  Supply Depot  
  67  6:44  SCV  
  67  6:46  Supply Depot  
  68  6:50  Marine x3  
  68  6:52  Widow Mine x2  
  68  6:54  Liberator x3  
  75  6:56  SCV  
  75  7:00  Liberator  
  88  7:01  Supply Depot  
  88  7:08  Marine x3, SCV  
  91  7:09  Supply Depot  
  91  7:13  Widow Mine  
  94  7:25  Marine  
  95  7:34  Command Center x2  
  95  7:38  Factory  
  68  7:58  Medivac x3  
  95  7:59  Medivac  
  103  8:08  Supply Depot  
  103  8:10  Supply Depot  
  103  8:12  Supply Depot  
  103  8:25  Factory Tech Lab  
  103  8:28  SCV  
  103  8:29  Factory  
  103  8:31  SCV  
  103  8:32  Supply Depot  
  105  8:35  Supply Depot  
  105  8:36  Supply Depot  
  105  8:39  Medivac x2  
  105  8:40  SCV  
  110  8:43  SCV, Combat Shield  
  111  8:49  Terran Infantry Weapons Level 1  
  111  8:53  SCV  
  111  8:55  SCV  
  113  9:05  SCV  
  113  9:07  SCV, Engineering Bay  
  115  9:10  Siege Tank  
  115  9:15  Factory Tech Lab  
  118  9:19  SCV, Planetary Fortress  
  119  9:29  Refinery  
  119  9:30  Planetary Fortress  
  119  9:34  Refinery  
  119  9:35  Neosteel Armor  
  119  9:36  Engineering Bay  
  119  9:41  Barracks  
  119  9:44  Barracks  
  119  9:49  Factory, Siege Tank  
  122  9:58  SCV  
  123  10:10  SCV  
  124  10:18  Siege Tank  
  127  10:21  Siege Tank  
  127  10:22  Hi-Sec Auto Tracking  
  127  10:26  Marine x5  
  135  10:40  Barracks Tech Lab  
  135  10:41  Barracks Reactor  
  135  10:44  Marine x5  
  135  10:46  Factory Tech Lab  
  140  10:50  Siege Tank  
  140  10:53  Siege Tank  
  146  10:57  Armory  
  146  10:58  Armory  
  146  11:10  Medivac x2  
  146  11:11  Medivac x2  
  154  11:22  Siege Tank  
  157  12:00  Siege Tank x3  
  166  12:05  Marauder  
  166  12:06  Marine x4  
  172  12:23  Marine  
  172  12:24  Marine x3  
  172  12:27  Marauder  
  178  12:32  Siege Tank x2  
  180  12:41  Marine  
  180  12:42  Marine x3  
  172  12:48  Marauder  
  161  12:59  Marine x3  
  161  13:00  Marine  
  165  13:10  Marauder  
  164  13:31  Marauder  
  157  14:04  Marine x5  
  157  14:07  Siege Tank x3  
  171  14:21  Marine  
  171  14:22  Marine x4  
  172  14:39  Marine, Siege Tank x2  
  172  14:40  Marine x4, Siege Tank  
  174  14:57  Marine  
  174  14:58  Marine x4  
  175  15:15  Marine  
  176  15:48  Marine, Marauder  
  176  15:49  Marine x5  
  184  15:50  Siege Tank x3  
  193  16:06  Marine x3  
  196  16:29  Marine x3  
  196  16:30  Siege Tank  
  196  16:37  Siege Tank  
  196  17:01  Marine, Marauder  
  196  17:08  Marine x3  
  196  17:17  Command Center  
  194  17:23  Marauder  
  194  17:25  Command Center  
  194  17:29  Marine x2  
  196  17:30  Siege Tank  
  166  17:44  Marauder  
  167  18:03  Viking  
  167  18:04  Viking x3  
  169  18:06  Marauder  
  166  18:33  Viking  
  166  18:34  Viking x3  
  162  19:03  Viking  
  162  19:04  Viking x3  
  162  19:06  Planetary Fortress x2  
  170  19:17  Starport  
  170  19:19  Starport  
  170  19:20  Starport x2  
  170  19:22  Starport  
  170  19:27  Starport  
  170  19:31  Fusion Core  
  170  19:33  Viking  
  170  19:34  Viking x3  
  170  19:37  Refinery  
  178  19:39  Refinery  
  178  19:40  Refinery  
  178  20:12  Starport Tech Lab x3  
  178  20:25  Starport Tech Lab  
  178  20:26  Starport Tech Lab  
  172  22:09  Viking  
  172  22:10  Viking x6  
  172  22:15  Orbital Command  
  186  22:39  Viking  
  186  22:40  Viking x6  
  197  22:46  Command Center  
  197  22:47  Command Center  
  197  22:48  Command Center  
  194  23:09  Viking  
  194  23:10  Viking x2  
Show
View Real Time Build Order
Export as new Build Order

MattBarry Zerg 

Build Orders: Hatch First 

Get SALT Encoding   

  12  0:00  Drone  
  13  0:11  Drone  
  14  0:17  Overlord  
  14  0:26  Drone, Extractor  
  15  0:38  Drone x2  
  17  0:54  Hatchery  
  16  1:06  Extractor  
  16  1:11  Spawning Pool, Drone  
  14  1:16  Drone  
  16  1:28  Drone  
  16  1:30  Drone  
  18  1:57  Queen  
  18  1:58  Zergling x2  
  18  1:59  Zergling x2  
  22  2:01  Overlord  
  22  2:03  Extractor  
  21  2:09  Evolution Chamber  
  21  2:12  Queen  
  21  2:14  Drone x2  
  24  2:22  Drone x2  
  27  2:26  Metabolic Boost  
  27  2:42  Queen  
  29  2:45  Drone x2  
  31  3:06  Drone x2  
  31  3:07  Overlord  
  31  3:08  Drone x2  
  31  3:09  Drone  
  36  3:20  Baneling Nest  
  35  3:28  Evolution Chamber  
  35  3:29  Queen  
  35  3:30  Drone x4  
  40  3:44  Overlord  
  40  3:45  Drone x3  
  40  3:47  Zerg Melee Weapons Level 1  
  42  4:06  Extractor  
  42  4:08  Drone x3, Extractor  
  42  4:09  Extractor  
  42  4:13  Zergling x4  
  44  4:23  Queen  
  48  4:29  Lair  
  46  4:32  Drone x3  
  46  4:36  Drone  
  46  4:37  Drone  
  51  4:39  Overlord x2  
  51  4:45  Baneling x3  
  51  4:56  Overlord  
  51  5:01  Zergling x2  
  51  5:02  Drone x2  
  51  5:04  Queen  
  56  5:21  Drone  
  56  5:23  Zergling x10  
  56  5:26  Spore Crawler  
  56  5:27  Spore Crawler  
  60  5:29  Overseer  
  60  5:33  Pneumatized Carapace  
  60  5:39  Roach Warren  
  59  5:50  Spine Crawler  
  58  6:02  Zergling x2  
  58  6:03  Zergling x4  
  61  6:10  Hatchery  
  60  6:14  Zergling x8  
  60  6:16  Zergling x2  
  60  6:17  Zergling x2  
  66  6:30  Zerg Ground Armor Level 1, Hydralisk Den  
  65  6:33  Zerg Missile Weapons Level 1  
  65  6:35  Baneling x3  
  65  6:36  Baneling x4  
  65  6:48  Burrow  
  65  6:51  Drone x5  
  65  6:52  Drone  
  65  6:53  Glial Reconstitution  
  71  7:13  Infestation Pit, Drone x3  
  71  7:14  Lurker Den, Overlord x2  
  72  7:17  Baneling x5  
  72  7:18  Baneling  
  72  7:19  Zergling x4  
  74  7:38  Queen  
  76  7:56  Grooved Spines  
  76  8:18  Drone x4  
  76  8:19  Drone x9  
  89  8:32  Hive  
  89  8:33  Extractor  
  88  8:39  Hatchery, Extractor  
  86  8:42  Overseer  
  86  8:44  Overlord x2  
  86  9:18  Hydralisk x5  
  86  9:19  Hydralisk x4  
  86  9:20  Overlord x3  
  104  9:24  Zerg Missile Weapons Level 2  
  104  9:26  Muscular Augments  
  104  10:15  Overlord x3  
  104  10:16  Overlord  
  104  10:17  Seismic Spines  
  104  10:20  Hydralisk x4  
  104  10:21  Hydralisk x5  
  112  10:25  Zerg Ground Armor Level 2  
  112  10:26  Overseer  
  122  10:36  Drone  
  122  10:37  Drone x16  
  139  11:16  Extractor x2  
  137  11:58  Hydralisk x2, Overlord x3  
  137  11:59  Hydralisk x4  
  137  12:00  Zergling x8  
  153  12:02  Hatchery  
  153  12:05  Hatchery  
  151  12:30  Zergling x2  
  151  12:31  Zergling x24  
  155  12:40  Zergling x2  
  155  12:41  Zergling x12  
  84  12:57  Zergling x2  
  81  13:05  Baneling  
  81  13:06  Baneling x6  
  70  13:33  Roach x2  
  74  13:39  Baneling x7  
  68  14:04  Roach x4  
  68  14:05  Roach x8  
  68  14:06  Roach x3  
  68  14:07  Ravager  
  99  14:15  Baneling x2  
  99  14:16  Baneling  
  99  14:24  Spawning Pool  
  88  14:52  Roach  
  88  14:53  Roach x3  
  88  14:54  Baneling x7  
  90  15:02  Roach  
  90  15:03  Roach x8  
  95  15:29  Roach  
  95  15:30  Roach x3  
  95  15:34  Queen x2  
  84  16:09  Queen  
  84  16:10  Baneling, Queen  
  84  16:11  Ravager x6  
  90  16:12  Ravager x2  
  90  16:15  Baneling x2  
  90  16:16  Baneling  
  96  16:24  Roach x3  
  96  16:25  Roach x3  
  106  16:37  Roach x2  
  106  16:45  Queen x2  
  84  17:09  Roach x5  
  84  17:10  Roach  
  84  17:11  Ravager x6  
  84  17:12  Ravager x3  
  64  17:42  Roach x2  
  42  18:16  Baneling  
  42  18:17  Baneling x2  
  37  18:32  Zergling x12  
  46  18:39  Roach Warren  
  31  18:55  Hatchery  
  30  19:10  Zergling x4, Hatchery  
  30  19:11  Zergling x4  
  30  19:16  Zergling x4  
  30  19:17  Zergling x2  
  36  19:47  Hatchery  
  36  19:50  Roach  
  36  19:51  Roach, Zergling x8  
  42  20:06  Drone x15  
  41  20:31  Drone  
  41  20:36  Drone x13  
  41  20:47  Hatchery  
  40  20:55  Hatchery  
  39  20:59  Hatchery  
  39  21:03  Hatchery  
  39  21:04  Roach x5  
  29  22:08  Spawning Pool  
  29  22:11  Roach x4  
  28  22:17  Drone  
  28  22:18  Drone x5  
  33  22:50  Overlord  
  33  22:51  Overlord x4  
  32  22:54  Drone  
  31  23:17  Queen  
  31  23:18  Roach x4  
  29  23:22  Extractor  
  29  23:23  Queen, Extractor  
  29  23:24  Queen  
  29  23:26  Roach Warren  
  32  23:33  Lair  
  22  23:53  Queen  
  20  24:03  Zergling x12  
  26  24:18  Spine Crawler  
Tags
 
League
GoldGold
Matchup
TvZ
Replay Pack
Multiplayer
Spawn Locations
Cross Positions
Add a new tag
Caveats
  • Supply blocks, unpowered buildings, or Contaminate may cause inaccurate times.
  • Supply counts are checked every 10 seconds.